 Dungeon Sprint DCSS version 0.23-a0-270-gab6feb3 (webtiles) character file.

649 Felrender the Zephyrmancer (level 7, -7/51 HPs)
             Began as a Yellow Draconian Air Elementalist on Oct 2, 2018.
             Was a Believer of Vehumet.
             Mangled by a cyan ugly thing (16 damage)
             ... in the Dungeon (Sprint IX: "|||||||||||||||||||||||||||||").
             The game lasted 00:04:21 (502 turns).

Felrender the Zephyrmancer (DrAE)                    Turns: 502, Time: 00:04:23

Health: -7/51      AC:  6    Str: 11    XL:     7   Next: 28%
Magic:  16/17      EV: 14    Int: 23    God:    Vehumet [**....]
Gold:   0          SH:  0    Dex: 11    Spells: 7/20 levels left

rFire    . . .     SeeInvis .   m - staff of energy
rCold    . . .     Gourm    .   (no shield)
rNeg     . . .     Faith    .   (armour unavailable)
rPois    .         Spirit   .   (helmet restricted)
rElec    .         Reflect  .   (no cloak)
rCorr    +         Harm     .   (no gloves)
MR       .....     NoTele   +   (no boots)
Stlth    ++........             (no amulet)
HPRegen  0.17/turn              o - +3 ring of intelligence
MPRegen  0.15/turn              p - +3 ring of intelligence

@: no status effects
A: spit acid, acid resistance, unfitting armour, cold-blooded, AC +6
a: Breathe Acid, Renounce Religion


You were in the Dungeon.
You worshipped Vehumet.
Vehumet was pleased with you.
You were not hungry.

You visited 1 branch

Inventory:

Armour
 n - a +0 pair of gloves
Magical Staves
 m - an uncursed staff of energy (weapon)
Jewellery
 o - a +3 ring of intelligence (left hand)
 p - a +3 ring of intelligence (right hand)
Wands
 l - a wand of acid (10)
Scrolls
 h - 2 scrolls of blinking
 j - 3 scrolls of remove curse
 k - 2 scrolls of amnesia
Potions
 c - 5 potions of curing
 e - a potion of haste
 f - 2 potions of magic
 g - a potion of berserk rage
 i - a potion of invisibility
Comestibles
 b - a ration


   Skills:
 + Level 0.5 Fighting
 + Level 4.5 Dodging
 + Level 4.0 Stealth
 + Level 4.3 Unarmed Combat
 * Level 7.3 Spellcasting
 + Level 3.2 Conjurations
 * Level 11.5 Air Magic


You had 7 spell levels left.
You knew the following spells:

 Your Spells              Type           Power        Failure   Level  Hunger
a - Shock                 Conj/Air       ####         1%          1    None
b - Static Discharge      Conj/Air       #####...     1%          3    None
c - Airstrike             Air            ######....   1%          4    None
d - Lightning Bolt        Conj/Air       #####.....   10%         5    None

Your spell library contained the following spells:

 Spells                   Type           Power        Failure   Level  Hunger
 Sting                    Conj/Pois      ###.         3%          1    None
 Swiftness                Chrm/Air       ####....     1%          2    None


Dungeon Overview and Level Annotations

Branches:
Dungeon (1/1)

Altars:
Cheibriados
Dithmenos
Elyvilon
Fedhas
Gozag
Hepliaklqana
Kikubaaqudgha
Makhleb
Nemelex Xobeh
Okawaru
Qazlal
Ru
Sif Muna
Trog
Uskayaw
Vehumet
Wu Jian
Xom
Yredelemnul
Zin
The Shining One
Beogh
Jiyva
Lugonu


Innate Abilities, Weirdness & Mutations

You can spit globs of acid.
You are resistant to acid.
Your golden yellow scales are hard. (AC +6)
You cannot fit into any form of body armour.
You are cold-blooded and may be slowed by cold attacks.


Message History

Magic courses through your body. The cyan ugly thing headbutts you.
* * * LOW HITPOINT WARNING * * *
The cyan ugly thing shocks you!
* * * LOW HITPOINT WARNING * * *
The sky beast flickers out of sight!
Deactivating autopickup; reactivate with Ctrl-A.
You feel much better. The cyan ugly thing closely misses you.
Casting: Airstrike (safe; 1% risk of failure)
Confirm with . or Enter, or press ? or * to list all spells.
Aiming: Shock (safe; 1% risk of failure)
Press: ? - help, Shift-Dir - straight line, f/p - cyan ugly thing
Aim: a cyan ugly thing (heavily wounded)
The zap hits the cyan ugly thing.
The cyan ugly thing completely resists.
The cyan ugly thing is heavily wounded.
The zap misses the tengu warrior.
The zap hits the phantom.
The phantom is severely damaged.
The cyan ugly thing headbutts you.
* * * LOW HITPOINT WARNING * * *
The cyan ugly thing shocks you!
You die... ▓▓▓▓▓▓▓▓▓▓▓▓▓▓▓▓▓▓▓▓▓▓▓▓ ...).[[..')†)...@uQ{W..+ ▓▓▓▓▓▓▓▓▓▓▓▓▓▓▓▓▓▓▓▓▓▓▓▓

You could see a cyan ugly thing, a tengu warrior and a phantom.

Vanquished Creatures
  A troll (D)
  A water moccasin (D)
  An orc warrior (D)
  A centaur (D)
  A scorpion (D)
  A howler monkey (D)
  A hound (D)
  A worker ant (D)
  An adder (D)
  2 leopard geckos (D)
  An orc (D)
  A giant cockroach (D)
  A hobgoblin (D)
  A kobold (D)
  A frilled lizard (D)
  2 rats (D)
18 creatures vanquished.

Notes
Turn   | Place    | Note
-------+----------+-------------------------------------------
     0 | D        | Felrender the Draconian Air Elementalist began the quest
                  | for the Orb.
     0 | D        | Reached XP level 1. HP: 14/14 MP: 3/3
   229 | D        | Noticed a howler monkey
   230 | D        | Reached skill level 4 in Air Magic
   232 | D        | Reached XP level 2. HP: 20/20 MP: 1/5
   248 | D        | Killed a howler monkey
   248 | D        | Reached skill level 1 in Unarmed Combat
   248 | D        | Reached skill level 5 in Air Magic
   248 | D        | Reached XP level 3. HP: 16/26 MP: 2/8
   373 | D        | Found a roughly hewn altar of Beogh.
   373 | D        | Found a snail-covered altar of Cheibriados.
   373 | D        | Found a shadowy altar of Dithmenos.
   373 | D        | Found a white marble altar of Elyvilon.
   373 | D        | Found a blossoming altar of Fedhas.
   373 | D        | Found an opulent altar of Gozag.
   374 | D        | Found a hazy altar of Hepliaklqana.
   375 | D        | Found a viscous altar of Jiyva.
   376 | D        | Found an ancient bone altar of Kikubaaqudgha.
   377 | D        | Found a corrupted altar of Lugonu.
   378 | D        | Found a burning altar of Makhleb.
   379 | D        | Found a sparkling altar of Nemelex Xobeh.
   380 | D        | Found an iron altar of Okawaru.
   381 | D        | Found a stormy altar of Qazlal.
   382 | D        | Found a sacrificial altar of Ru.
   383 | D        | Found a deep blue altar of Sif Muna.
   384 | D        | Found a bloodstained altar of Trog.
   385 | D        | Found a hide-covered altar of Uskayaw.
   386 | D        | Found a radiant altar of Vehumet.
   387 | D        | Found an ornate altar of the Wu Jian Council.
   388 | D        | Found a shimmering altar of Xom.
   389 | D        | Found a basalt altar of Yredelemnul.
   390 | D        | Found a glowing silver altar of Zin.
   391 | D        | Found a glowing golden altar of the Shining One.
   394 | D        | Became a worshipper of Vehumet
   423 | D        | Noticed an orc warrior
   423 | D        | Noticed a centaur
   423 | D        | Noticed a scorpion
   429 | D        | Learned a level 3 spell: Static Discharge
   432 | D        | Reached skill level 6 in Air Magic
   434 | D        | Reached XP level 4. HP: 32/33 MP: 2/10
   438 | D        | Reached * piety under Vehumet
   438 | D        | Offered knowledge of Sting by Vehumet.
   438 | D        | Reached skill level 7 in Air Magic
   438 | D        | Killed a centaur
   438 | D        | Reached skill level 5 in Spellcasting
   438 | D        | Reached skill level 8 in Air Magic
   438 | D        | Reached XP level 5. HP: 32/38 MP: 10/12
   439 | D        | Killed an orc warrior
   439 | D        | Reached skill level 9 in Air Magic
   439 | D        | Reached XP level 6. HP: 38/45 MP: 7/14
   440 | D        | Reached ** piety under Vehumet
   440 | D        | Reached skill level 10 in Air Magic
   446 | D        | Learned a level 4 spell: Airstrike
   452 | D        | Learned a level 5 spell: Lightning Bolt
   489 | D        | Noticed a cyan ugly thing
   489 | D        | Noticed a troll
   489 | D        | Noticed a water moccasin
   489 | D        | Noticed a tengu warrior
   489 | D        | Noticed a sky beast
   492 | D        | Killed a troll
   492 | D        | Reached skill level 11 in Air Magic
   492 | D        | Your scales start taking on a golden yellow colour.
   492 | D        | Reached XP level 7. HP: 49/51 MP: 8/17
   500 | D        | HP: 1/51 [cyan ugly thing (12)]
   502 | D        | Mangled by a cyan ugly thing

Vault maps used:
D:        linesprint

Skill      XL: |  1  2  3  4  5  6  7 |
---------------+----------------------+-----
Dodging        | 2 3 4 |  4.5
Air Magic      | 4 5 6 8 9 11 | 11.5
Spellcasting   | 3 4 5 7 |  7.3
Stealth        | 2 3 4 |  4.0
Unarmed Combat | 1 2 3 4 |  4.3
Conjurations   | 2 3 |  3.2
Fighting       | |  0.5

Action                   |  1- 3 |  4- 6 |  7- 9 || total
-------------------------+-------+-------+-------++-------
Melee: Unarmed           |    48 |       |       ||    48
       Tailslap          |     5 |       |       ||     5
       Staff             |       |       |     3 ||     3
 Cast: Shock             |     6 |     3 |     2 ||    11
       Static Discharge  |       |     2 |       ||     2
       Lightning Bolt    |       |     1 |     1 ||     2
       Airstrike         |       |       |     2 ||     2
  Use: Potion            |       |     2 |     3 ||     5
Armor: Skin              |    11 |       |     1 ||    12
Dodge: Dodged            |    29 |     3 |     4 ||    36

Table legend:
 A = Non-vault XP
 B = Vault XP
 C = Vault XP percentage of total XP
 D = Non-vault monster count
 E = Vault monster count
 F = Vault count percentage of total count
                 A         B        C        D         E       F
            +---------+---------+-------+---------+---------+-------
      Total |       0 |     928 | 100.0 |       0 |      18 | 100.0
            +---------+---------+-------+---------+---------+-------
          D |       0 |     928 | 100.0 |       0 |      18 | 100.0
            +---------+---------+-------+---------+---------+-------
